 Dungeon Crawl Stone Soup version 0.29-a0-284-gf9362112df (webtiles) character file.

Game seed: 15734971708068928851

414 siradein the Firebug (level 6, -2/45 HPs)
             Began as a Draconian Fire Elementalist on Mar 18, 2022.
             Slain by Pikel
             ... wielding a +1 whip of freezing
              (3 damage)
             ... on level 5 of the Dungeon.
             The game lasted 00:16:41 (4803 turns).

siradein the Firebug (Draconian Fire Elementalist)  Turns: 4803, Time: 00:16:42

Health: -2/45      AC:  8    Str: 10    XL:     6   Next: 60%
Magic:  8/11       EV: 13    Int: 18    God:
Gold:   111        SH:  4    Dex: 17    Spells: 3/12 levels left

rFire   . . .      SeeInvis .   l - +0 dagger (protect)
rCold   . . .      Faith    .   m - +0 buckler
rNeg    . . .      Spirit   .   (body armour unavailable)
rPois   .          Reflect  .   (helmet restricted)
rElec   .          Harm     .   g - +1 cloak
rCorr   .          Rampage  .   (no gloves)
Will    .....                   (no boots)
Stlth   ++........              (no amulet)
HPRegen 0.15/turn               i - +6 ring of dexterity
MPRegen 0.12/turn               (no ring)

@: slowed, very slow
A: AC +6, unfitting armour, cold-blooded
a: no special abilities


You were on level 5 of the Dungeon.
You visited 1 branch of the dungeon, and saw 5 of its levels.

You collected 176 gold pieces.
You spent 65 gold pieces at shops.

Inventory:

Hand Weapons
 l - a +0 dagger of protection (weapon)
Armour
 g - a +1 cloak (worn)
 m - a +0 buckler (worn)
Jewellery
 i - a +6 ring of dexterity (left hand)
Wands
 o - a wand of flame (20)
Scrolls
 c - 2 scrolls of teleportation {unknown}
 h - a scroll of noise {unknown}
 j - 3 scrolls of magic mapping
 k - 2 scrolls of immolation {unknown}
 q - a scroll of summoning
 r - a scroll of fear {unknown}
 s - a scroll of enchant weapon
 t - a scroll of acquirement {unknown}
 u - a scroll of amnesia {unknown}
Potions
 a - a potion of magic
 b - a potion of flight {unknown}
 e - 3 potions of curing
 n - 2 potions of heal wounds
 p - 3 potions of might {unknown}
 v - a potion of brilliance


   Skills:
 + Level 3.4 Dodging
 - Level 1.7 Stealth
 + Level 3.6 Spellcasting
 + Level 3.4 Conjurations
 + Level 4.5 Fire Magic


You had 3 spell levels left.
You knew the following spells:

 Your Spells              Type           Power      Damage    Failure   Level
a - Foxfire               Conj/Fire      68%        2x1d7     4%          1
b - Scorch                Fire           38%        2d7       4%          2
c - Conjure Flame         Conj/Fire      17%        6-21      12%         3
d - Inner Flame           Hex/Fire       11%        N/A       24%         3

Your spell library contained the following spells:

 Spells                   Type           Power      Damage    Failure   Level
 Ignite Poison            Fire/Tmut/Pois 8%         N/A       32%         3
 Flame Wave               Conj/Fire      17%        2d6       38%         4
 Sticky Flame             Conj/Fire      17%        2d4       38%         4


Dungeon Overview and Level Annotations

Branches:
Dungeon (5/15)
 Temple: D:4-7

Altars:
Uskayaw
Xom

Shops:
D:2 (   D:4 *

Annotations:
D:3 1 runed translucent door, Crazy Yiuf
D:4 3 runed translucent doors, SweetAndFullOfGrace's ghost, amateur MiBe
D:5 Pikel


Innate Abilities, Weirdness & Mutations

Your plain brown scales are hard. (AC +6)
You cannot fit into any form of body armour.
You are cold-blooded and may be slowed by cold attacks.


Message History

Casting: Foxfire (safe; 4% risk of failure)
Confirm with . or Enter, or press ? or * to list all spells.
You conjure some foxfire!
The adder hisses angrily.
The foxfire hits the adder.
The adder is lightly wounded.
The foxfire hits the adder.
The adder is moderately wounded.
Casting: Foxfire (safe; 4% risk of failure)
Confirm with . or Enter, or press ? or * to list all spells.
You conjure some foxfire!
The foxfire hits the adder.
The adder is severely wounded.
The foxfire hits the adder.
You kill the adder!
There is an open door here.
Found a stone staircase leading up.
A lemure comes into view.
The lemure shouts!
The lemure shouts! x2; You hear a shout!
The lemure hits you.
Pikel hits you with a +1 whip of freezing.
You feel yourself slow down. Pikel freezes you.
* * * LOW HITPOINT WARNING * * *
You block Pikel's attack.
Pikel hits you with a +1 whip of freezing.
* * * LOW HITPOINT WARNING * * *
You feel as though you will be slow longer.
Pikel freezes you.
* * * LOW HITPOINT WARNING * * *
The lemure hits you.
* * * LOW HITPOINT WARNING * * *
Pikel closely misses you. Pikel attacks as you move away!
Pikel closely misses you.
You feel yourself speed up. Pikel attacks as you move away!
Pikel hits you with a +1 whip of freezing.
* * * LOW HITPOINT WARNING * * *
You feel yourself slow down. Pikel freezes you.
You die...

..### ... # #.#
#.##.# #..55# ####5#
#.# ##+## #.#####K#
##...## #......@#
##.....## #######.##
##.......##
##...####.........##
#.......'......†..'.
##...####.........##
##.## ##.......##
#<# ##.....## #.#
##...## #.# ##+##


You could see Pikel and 3 lemures.

Vanquished Creatures
  A hound (D:5)
  An orc priest (D:3)
  6 orc wizards
  4 gnolls (D:3)
  7 adders
  2 worms
  A dart slug (D:2)
  5 orcs
  6 bats
  4 endoplasms
  3 giant cockroaches
  6 goblins
  8 hobgoblins
  11 jackals
  5 quokkas
  7 ball pythons
  3 frilled lizards
  8 kobolds
  5 rats
93 creatures vanquished.

Vanquished Creatures (others)
  230 foxfires
230 creatures vanquished.

Grand Total: 323 creatures vanquished

Notes
Turn   | Place    | Note
-------+----------+-------------------------------------------
     0 | D:1      | siradein the Draconian Fire Elementalist began the quest
                  | for the Orb.
     0 | D:1      | Reached XP level 1. HP: 14/14 MP: 3/3
   403 | D:1      | Reached XP level 2. HP: 20/20 MP: 1/5
   774 | D:1      | Found a faded altar of an unknown god.
  1003 | D:1      | Reached XP level 3. HP: 23/26 MP: 4/6
  1006 | D:1      | Learned a level 2 spell: Scorch
  1010 | D:1      | Learned a level 3 spell: Conjure Flame
  1554 | D:2      | Found Cidwigia's Antique Weapon Shoppe.
  1565 | D:2      | Reached XP level 4. HP: 33/33 MP: 5/7
  2456 | D:3      | Found a hide-covered altar of Uskayaw.
  2517 | D:3      | Reached XP level 5. HP: 37/38 MP: 0/9
  2839 | D:3      | Found a runed translucent door.
  2840 | D:3      | Noticed Crazy Yiuf
  3060 | D:3      | Reached skill level 4 in Fire Magic
  3203 | D:4      | Found a shimmering altar of Xom.
  3256 | D:4      | Found a runed translucent gate.
  3263 | D:4      | Noticed SweetAndFullOfGrace's ghost (amateur MiBe)
  3264 | D:4      | Found a runed translucent gate.
  3283 | D:4      | Found a runed translucent gate.
  3808 | D:4      | Reached XP level 6. HP: 45/45 MP: 6/10
  4292 | D:4      | Learned a level 3 spell: Inner Flame
  4547 | D:4      | Found Koehax's General Store.
  4550 | D:4      | Bought a potion of degeneration for 13 gold pieces
  4550 | D:4      | Bought a potion of brilliance for 52 gold pieces
  4608 | D:5      | Entered Level 5 of the Dungeon
  4623 | D:5      | Noticed Pikel
  4803 | D:5      | HP: 1/45 [Pikel/+1 whip of freezing (5)]
  4803 | D:5      | Slain by Pikel

Illustrated notes

Levels and vault maps discovered:
D:1:      tarquinn_simple_flora_water_b, layout_loops_ring,
          shapermc_ecumenical_altar_starsandcircs
D:2:      layout_rooms, serial_shops, shop, grunt_decor_cap
D:3:      layout_loops_ring, nicolae_uskayaw_murder_on_the_dancefloor,
          minmay_curled_crystal, uniq_crazy_yiuf_cottage
D:4:      layout_basic, mainiacjoe_overflow_boulevard,
          gammafunk_ghost_nasty_kobolds, serial_shops, kennysheep_mini
D:5:      lemuel_castle_with_subvaults [lemuel_castle_interior_carwin_2],
          layout_loops_corners, slow_altar_2, minmay_temple_entry_junction,
          cheibrodos_sewer_entry_drain, uniq_pikel

Skill      XL: |  1  2  3  4  5 |
---------------+----------------+-----
Dodging        | 2 3 |  3.4
Conjurations   | 2 3 |  3.4
Spellcasting   | 3 |  3.6
Fire Magic     | 4 |  4.5
Stealth        | |  1.7

Action                   |  1- 3 |  4- 6 || total
-------------------------+-------+-------++-------
Melee: Dagger            |       |    39 ||    39
       Tailslap          |       |     8 ||     8
 Cast: Foxfire           |    55 |    81 ||   136
       Scorch            |     2 |    23 ||    25
  Use: Scroll            |       |     5 ||     5
 Stab: Distracted        |       |     1 ||     1
       Sleeping          |       |     1 ||     1
Armor: Skin              |    26 |    46 ||    72
Dodge: Dodged            |    33 |    62 ||    95
Block: Buckler           |       |    17 ||    17

Table legend: (Time is in decaauts)
 A = Elapsed time spent in this place.
 B = Non-inter-level travel time spent in this place.
 C = Inter-level travel time spent in this place.
 D = Time resting spent in this place.
 E = Time spent auto-exploring this place.
 F = Levels seen in this place.
 G = Mean time per level.
                   A        B        C        D        E       F      G
               +--------+--------+--------+--------+--------+-----+--------+
         Total |   4811 |   4716 |     95 |    348 |   3394 |   5 |  962.2 |
       Dungeon |   4811 |   4716 |     95 |    348 |   3394 |   5 |  962.2 |
               +--------+--------+--------+--------+--------+-----+--------+

Top non-repeatable levels by time:
     D:4: 1282 daAuts
     D:1: 1208 daAuts
     D:2: 1135 daAuts
     D:3: 1023 daAuts
     D:5: 161 daAuts
